 Dungeon Crawl Stone Soup version 0.31-a0-152-g6aa68a64a1 (webtiles) character file.

Game seed: 16371812140969562624

164 qw the Shooter (level 5, -5/49 HPs)
             Began as a Naga Hunter on June 9, 2023.
             Slain by an ogre
             ... wielding a +0 giant club
              (11 damage)
             ... on level 3 of the Dungeon.
             The game lasted 00:00:48 (2001 turns).

qw the Shooter (Naga Hunter)                        Turns: 2001, Time: 00:00:49

Health: -5/49      AC:  4    Str: 13    XL:     5   Next: 45%
Magic:  5/5        EV:  9    Int: 10    God:
Gold:   116        SH:  0    Dex: 16    Spells: 4/4 levels left

rFire   . . .        Y - +0 shortbow
rCold   . . .        (shield currently unavailable)
rNeg    . . .        c - +0 leather armour
rPois   +            e - +0 helmet
rElec   .            (no cloak)
rCorr   .            (no gloves)
SInv    +            (no barding)
Will    .....        (no amulet)
Stlth   ++           (no ring)
HPRegen 0.28/turn    (no ring)
MPRegen 0.09/turn

%: no passive effects
@: very slow
A: AC +1, large, see invisible, deformed body, poison resistance, slowness 2,
spit poison 1, naga tail 1
a: Spit Poison


You were on level 3 of the Dungeon.
You visited 1 branch of the dungeon, and saw 3 of its levels.

You collected 116 gold pieces.


Innate Abilities, Weirdness & Mutations

Your serpentine skin is tough. (AC +1)
You have supernaturally acute eyesight. (SInv)
Armour fits poorly on your strangely shaped body.
Your system is resistant to poisons. (rPois)
You cover ground very slowly.
You can spit poison.
You have a snake-like lower body.


   Skills:
 - Level 3.0 Fighting
 + Level 5.5 Ranged Weapons
 - Level 1.5 Dodging
 - Level 1.5 Stealth


You had 4 spell levels left.
You didn't know any spells.
Your spell library was empty.

Inventory:

Hand Weapons
 Y - a +0 shortbow (weapon)
Armour
 c - a +0 leather armour (worn)
 e - a +0 helmet (worn)
Scrolls
 b - 3 scrolls of fog {unknown}
 g - 2 scrolls of identify
Potions
 a - a potion of mutation {unknown}

Dungeon Overview and Level Annotations

Branches:
Dungeon (3/15)

Altars:
Fedhas


Message History

Press: ? - help, Shift-Dir - straight line, f - goblin The splash of poison misses the goblin.
The goblin hits you with a +0 dagger.
You shoot an arrow. The arrow closely misses the goblin.
You shoot an arrow. The arrow hits the goblin!
You kill the goblin!
The hobgoblin hits you.
You shoot an arrow. The arrow barely misses the hobgoblin.
You have got your breath back.
The hobgoblin hits you.
1993 ||| INVOKING Spit Poison.
Aiming: Spit Poison (1% risk of failure)
Press: ? - help, Shift-Dir - straight line, f/p - hobgoblin The splash of poison hits the hobgoblin!
The hobgoblin is poisoned.
You kill the hobgoblin!
You shoot an arrow. The arrow barely misses the adder.
The adder bites you but does no damage. The adder barely misses you.
You shoot an arrow. The arrow closely misses the adder.
The adder bites you but does no damage.
You shoot an arrow. The arrow barely misses the adder.
The adder bites you but does no damage. x2
You shoot an arrow. The arrow closely misses the adder.
The adder misses you. The adder closely misses you.
You shoot an arrow. The arrow hits the adder.
The adder is heavily wounded.
You have got your breath back.
The adder barely misses you.
1999 ||| INVOKING Spit Poison.
Aiming: Spit Poison (1% risk of failure)
Press: ? - help, Shift-Dir - straight line, f/p - adder The splash of poison hits the adder!
The adder is poisoned.
You kill the adder!
You shoot an arrow. The arrow hits the ogre.
The ogre is almost dead.
The ogre barely misses you.
You shoot an arrow. The arrow barely misses the ogre.
You have got your breath back.
The ogre hits you with a +0 giant club!
You die...

###.......#.7¤.¤._.¤
####....#.7~.~...~ #..#
####.#.7~..~~~. . #...
###...#.7.~~~~¤~ ## ..#...
##.....#.7....... .# .|...#
#..%...#..7777777 .#
#r...##..###.#### (#
#..S.#...###.# ### .#
###...)#@..##..# ##.. .#
..!...rO)......# ##..# .####
################ #..##
....#########################.##
....#.........................#
....#.#######################.#
....#.# #.......# #.# .##.#.#
#.......# #.# ......# #.......#
#.#


You could see an ogre and a quokka.

Vanquished Creatures
  Robin (D:2)
  A gnoll (D:1)
  5 adders
  3 worms
  7 dart slugs
  An orc (D:3)
  7 ball pythons
  7 bats
  3 endoplasms
  13 goblins
  8 hobgoblins
  4 jackals (D:1)
  A quokka (D:1)
  A frilled lizard (D:1)
  4 kobolds
  9 rats
75 creatures vanquished.

Notes
Turn   | Place    | Note
-------+----------+-------------------------------------------
     0 | D:1      | qw the Naga Hunter began the quest for the Orb.
     0 | D:1      | Reached XP level 1. HP: 19/19 MP: 1/1
     0 | D:1      | 0 ||| qw: Version: 0.2-a-122-gbc61b45
     0 | D:1      | 0 ||| qw: Game counter: 3342
     0 | D:1      | 0 ||| qw: Always use a shield: true
     0 | D:1      | 0 ||| qw: God list: Okawaru
     0 | D:1      | 0 ||| qw: Allow faded altars: false
     0 | D:1      | 0 ||| qw: Do Orc after D:15 true
     0 | D:1      | 0 ||| qw: Do second Lair branch before Depths: true
     0 | D:1      | 0 ||| qw: Lair rune preference: random
     0 | D:1      | 0 ||| qw: Plans: Normal
     0 | D:1      | 0 ||| PLANNING D:1-11
    50 | D:1      | 50 ||| INVOKING Spit Poison.
    53 | D:1      | Reached skill level 4 in Ranged Weapons
    53 | D:1      | Reached XP level 2. HP: 25/26 MP: 2/2
    62 | D:1      | 62 ||| INVOKING Spit Poison.
    67 | D:1      | 67 ||| INVOKING Spit Poison.
   100 | D:1      | 100 ||| INVOKING Spit Poison.
   101 | D:1      | 101 ||| INVOKING Spit Poison.
   189 | D:1      | 189 ||| INVOKING Spit Poison.
   212 | D:1      | 212 ||| INVOKING Spit Poison.
   217 | D:1      | 217 ||| INVOKING Spit Poison.
   330 | D:1      | 330 ||| INVOKING Spit Poison.
   331 | D:1      | Reached XP level 3. HP: 32/32 MP: 3/3
   346 | D:1      | 346 ||| INVOKING Spit Poison.
   349 | D:1      | 349 ||| INVOKING Spit Poison.
   431 | D:1      | 431 ||| INVOKING Spit Poison.
   443 | D:1      | 443 ||| INVOKING Spit Poison.
   456 | D:1      | 456 ||| INVOKING Spit Poison.
   473 | D:1      | 473 ||| INVOKING Spit Poison.
   506 | D:1      | 506 ||| INVOKING Spit Poison.
   511 | D:1      | 511 ||| INVOKING Spit Poison.
   607 | D:1      | 607 ||| INVOKING Spit Poison.
   613 | D:1      | 613 ||| INVOKING Spit Poison.
   619 | D:1      | 619 ||| INVOKING Spit Poison.
   753 | D:1      | 753 ||| UPGRADING to +0 helmet.
   758 | D:1      | 758 ||| DROPPING ring of wizardry.
   759 | D:1      | 759 ||| READING scroll labelled LEATHIMESU.
   760 | D:1      | 760 ||| READING 2 scrolls labelled XAOKHAENOSE.
   761 | D:1      | 761 ||| DROPPING scroll of butterflies.
   775 | D:2      | 775 ||| INVOKING Spit Poison.
   777 | D:2      | 777 ||| Stepping ~*~*~tactically~*~*~ (outnumbered).
   780 | D:2      | 780 ||| INVOKING Spit Poison.
   783 | D:2      | 783 ||| INVOKING Spit Poison.
   789 | D:2      | 789 ||| INVOKING Spit Poison.
   790 | D:2      | 790 ||| INVOKING Spit Poison.
   830 | D:2      | 830 ||| INVOKING Spit Poison.
   945 | D:2      | 945 ||| INVOKING Spit Poison.
   947 | D:2      | Reached skill level 5 in Ranged Weapons
   947 | D:2      | Reached XP level 4. HP: 39/39 MP: 4/4
  1032 | D:2      | 1032 ||| INVOKING Spit Poison.
  1033 | D:2      | Noticed Robin
  1035 | D:2      | 1035 ||| INVOKING Spit Poison.
  1036 | D:2      | 1036 ||| Stepping ~*~*~tactically~*~*~ (outnumbered).
  1040 | D:2      | 1040 ||| INVOKING Spit Poison.
  1045 | D:2      | 1045 ||| INVOKING Spit Poison.
  1045 | D:2      | Killed Robin
  1049 | D:2      | 1049 ||| INVOKING Spit Poison.
  1054 | D:2      | 1054 ||| INVOKING Spit Poison.
  1132 | D:2      | 1132 ||| INVOKING Spit Poison.
  1135 | D:2      | 1135 ||| INVOKING Spit Poison.
  1144 | D:2      | 1144 ||| INVOKING Spit Poison.
  1238 | D:2      | 1238 ||| INVOKING Spit Poison.
  1264 | D:2      | 1264 ||| INVOKING Spit Poison.
  1268 | D:2      | 1268 ||| INVOKING Spit Poison.
  1273 | D:2      | Reached skill level 3 in Fighting
  1273 | D:2      | 1273 ||| INVOKING Spit Poison.
  1328 | D:2      | 1328 ||| INVOKING Spit Poison.
  1371 | D:2      | 1371 ||| INVOKING Spit Poison.
  1387 | D:2      | 1387 ||| INVOKING Spit Poison.
  1514 | D:3      | 1514 ||| INVOKING Spit Poison.
  1543 | D:3      | 1543 ||| INVOKING Spit Poison.
  1581 | D:3      | Found a blossoming altar of Fedhas.
  1625 | D:3      | Reached XP level 5. HP: 49/49 MP: 5/5
  1677 | D:3      | 1677 ||| INVOKING Spit Poison.
  1750 | D:3      | 1750 ||| INVOKING Spit Poison.
  1797 | D:3      | 1797 ||| INVOKING Spit Poison.
  1804 | D:3      | 1804 ||| INVOKING Spit Poison.
  1822 | D:3      | 1822 ||| INVOKING Spit Poison.
  1855 | D:3      | 1855 ||| INVOKING Spit Poison.
  1862 | D:3      | 1862 ||| INVOKING Spit Poison.
  1868 | D:3      | 1868 ||| INVOKING Spit Poison.
  1871 | D:3      | 1871 ||| INVOKING Spit Poison.
  1875 | D:3      | 1875 ||| INVOKING Spit Poison.
  1959 | D:3      | 1959 ||| INVOKING Spit Poison.
  1978 | D:3      | Noticed an ogre
  1979 | D:3      | 1979 ||| INVOKING Spit Poison.
  1982 | D:3      | 1982 ||| INVOKING Spit Poison.
  1986 | D:3      | HP: 9/49 [ogre/+0 giant club (31)]
  1988 | D:3      | 1988 ||| Stepping ~*~*~tactically~*~*~ (outnumbered).
  1989 | D:3      | 1989 ||| INVOKING Spit Poison.
  1991 | D:3      | HP: 3/49 [hobgoblin (2)]
  1993 | D:3      | 1993 ||| INVOKING Spit Poison.
  1999 | D:3      | 1999 ||| INVOKING Spit Poison.
  2001 | D:3      | Slain by an ogre

Levels and vault maps discovered:
D:1:      dpeg_arrival_windows_large_door, layout_basic
D:2:      layout_loops_ring, chequers_serial_rivers_room_a, uniq_robin
D:3:      minmay_recursive_quarters, layout_basic, mainiacjoe_overflow_paths,
          lemuel_flame_loot_1, uniq_terence

Skill      XL: |  1  2  3  4 |
---------------+-------------+-----
Ranged Weapons | 4 5 |  5.5
Fighting       | 3 |  3.0
Dodging        | |  1.5
Stealth        | |  1.5

Action                     |  1- 3 |  4- 6 || total
---------------------------+-------+-------++-------
   Fire: Shortbow          |    67 |    84 ||   151
Ability: Spit Poison       |    25 |    34 ||    59
    Use: Scroll            |     2 |       ||     2
 Armour: Leather armour    |     7 |    28 ||    35
  Dodge: Dodged            |    23 |    32 ||    55

Table legend:
 A = Non-vault XP
 B = Vault XP
 C = Vault XP percentage of total XP
 D = Non-vault monster count
 E = Vault monster count
 F = Vault count percentage of total count
                 A         B        C        D         E       F
            +---------+---------+-------+---------+---------+-------
      Total |     198 |      37 |  15.7 |      62 |      13 |  17.3
            +---------+---------+-------+---------+---------+-------
        D:1 |      65 |       0 |   0.0 |      27 |       0 |   0.0
        D:2 |      62 |      26 |  29.5 |      21 |       7 |  25.0
        D:3 |      71 |      11 |  13.4 |      14 |       6 |  30.0
            +---------+---------+-------+---------+---------+-------
